 Dungeon Crawl Stone Soup version 0.20.1-1-g8b1a95d (webtiles) character file.

54552 QuCean the Severer (level 14, -1/130 HPs)
             Began as a Minotaur Fighter on Oct 16, 2017.
             Was a High Priest of the Shining One.
             Slain by a yak (15 damage)
             ... on level 13 of the Dungeon.
             The game lasted 01:34:30 (31109 turns).

QuCean the Severer (Minotaur Fighter)              Turns: 31109, Time: 01:34:31

Health: -1/130     AC:  0    Str: 26    XL:     14   Next: 35%
Magic:  15/15      EV: 15    Int:  5    God:    the Shining One [*****.]
Gold:   935        SH:  3    Dex: 10    Spells: 13/13 levels left

rFire    . . .     SeeInvis .   (weapon currently unavailable)
rCold    . . .     Gourm    .   (shield currently unavailable)
rNeg     + + .     Faith    .   (armour currently unavailable)
rPois    .         Spirit   .   (helmet currently unavailable)
rElec    .         Reflect  +   (cloak currently unavailable)
rCorr    .         Harm     .   (gloves currently unavailable)
MR       +....                  (boots currently unavailable)
Stlth    +.........             T - +3 amulet of reflection
Regen    0.4/turn               (ring currently unavailable)
MPRegen  0.2/turn               (ring currently unavailable)

@: pig-form, very slightly contaminated, slowed, glowing, heavily drained, very
slow
A: (retaliatory headbutt)
a: Divine Shield, Cleansing Flame, Summon Divine Warrior, Renounce Religion


You were on level 13 of the Dungeon.
You worshipped the Shining One.
The Shining One was extremely pleased with you.
You were not hungry.
You were a filthy swine.
You visited 3 branches of the dungeon, and saw 20 of its levels.
You also visited: Labyrinth.

You collected 2368 gold pieces.
You spent 1433 gold pieces at shops.

Inventory:

Hand Weapons
 L - a +5 war axe (melded)
Armour
 a - a +0 pair of boots (melded)
 p - a +1 hat (melded)
 y - a +2 cloak of poison resistance (melded)
 E - the +1 chain mail "Dayca" (melded) {rF+ Str+2}
   (You found it on level 10 of the Dungeon)

   It affects your strength (+2).
   It protects you from fire.
 N - a +0 large shield (melded)
Jewellery
 c - a cursed amulet of inaccuracy {unknown}
 T - a +3 amulet of reflection (around neck)
 U - the ring of Koegorph (melded) {+Inv rN+ Str+2 SInv}
   (You bought it in a shop on level 2 of the Orcish Mines)

   [ring of strength]

   It affects your strength (+2).
   It protects you from negative energy.
   It lets you see invisible.
   It lets you turn invisible.
 Z - a +5 ring of protection (melded)
Wands
 s - a wand of polymorph (10/24)
 I - a wand of lightning (10/15)
 S - a wand of paralysis (22/24)
 V - a wand of digging (8/24)
 W - a wand of flame (17/48)
 X - a wand of disintegration (17/24)
Scrolls
 b - a scroll of immolation {unknown}
 g - 5 scrolls of recharging
 h - 4 scrolls of fog
 n - 5 scrolls of remove curse
 u - a scroll of summoning {unknown}
 v - a scroll of enchant weapon {unknown}
 x - 3 scrolls of noise {unknown}
 B - 3 scrolls of amnesia
 F - a scroll of vulnerability {unknown}
 J - 3 scrolls of magic mapping
 R - 2 scrolls of enchant armour {unknown}
Potions
 d - 4 potions of might
 e - 2 potions of agility
 i - 5 potions of lignification
 k - 2 potions of ambrosia
 l - 2 potions of resistance
 m - a potion of degeneration {unknown}
 o - 7 potions of curing
 r - a potion of cancellation {unknown}
 t - 3 potions of mutation
 w - 4 potions of brilliance
 z - a potion of heal wounds {unknown}
 A - a potion of haste
 H - 2 potions of magic
 M - 2 potions of invisibility {unknown}
 Y - a potion of berserk rage
Books
 D - a book of Beasts

   Spells                             Type                      Level
   a - Summon Butterflies             Summoning                    1
   b - Call Canine Familiar           Summoning                    3
   c - Summon Ice Beast               Ice/Summoning                4
   d - Summon Mana Viper              Hexes/Summoning              5
   e - Summon Hydra                   Summoning                    7
 Q - a book of Changes

   Spells                             Type                      Level
   a - Beastly Appendage              Transmutation                1
   b - Sticks to Snakes               Transmutation                2
   c - Spider Form                    Transmutation/Poison         3
   d - Ice Form                       Ice/Transmutation            4
   e - Blade Hands                    Transmutation                5
Comestibles
 f - 6 bread rations
 C - 9 fruits
 G - 5 royal jellies
 O - 5 meat rations


   Skills:
 + Level 13.7(12.0) Fighting
 + Level 17.3(15.4) Axes
 + Level 13.4(11.7) Armour
 + Level 4.6(3.3) Dodging
 + Level 2.2(0.9) Stealth
 + Level 13.5(11.8) Shields
 + Level 3.2(1.8) Invocations


You had 13 spell levels left.
You didn't know any spells.

Dungeon Overview and Level Annotations

Branches:
Dungeon (13/15)            Temple (0/1) D:4            Lair (5/6) D:8
 Shoals (0/4) Lair:2       Spider (0/4) Lair:4        Slime (0/5) Lair:5
    Orc (2/2) D:12            Elf (0/3) Orc:2
 Vaults: D:13-14

Altars:
Dithmenos
Elyvilon
Kikubaaqudgha
Nemelex Xobeh
Okawaru
Trog
Xom
The Shining One
Beogh

Shops:
D:10 *   Orc:2 :!%?=(!(*

Annotations:
D:13 Kirke


Innate Abilities, Weirdness & Mutations

((You reflexively headbutt those who attack you in melee.))
((You have a pair of horns on your head.))


Message History

A hobgoblin comes into view. It is wielding a club.
The hobgoblin shouts!
A yak comes into view.
The yak bellows!
A yak comes into view.
The yak bellows!
The yak moves out of view. x2
Found a shimmering altar of Xom.
A frilled lizard and a yak come into view.
The frilled lizard hisses angrily.
The gnoll hits you with a dagger of chaos!
* * * LOW HITPOINT WARNING * * *
A hobgoblin comes into view. It is wielding a club.
The hobgoblin shouts!
You enter the shallow water.
Moving in this stuff is going to be slow.
A goblin comes into view. It is wielding a club.
The goblin shouts!
You block the yak's attack.
The goblin moves out of view.
The yak gores you!
You die...

#####
###_..##
##.≈≈l.≈##
#≈≈.≈.#.≈##
#.##.##g.#.#
#≈..#Y##h..#
#.#..≈YY.#.#
#..#≈.#..≈ #
#.##....##.
#≈..≈##g#...
#.≈⌠#
≈..#.#. #..
..⌠ .#.. #..
## ## ###
..#


You could see 2 yaks, a gnoll, a hobgoblin and a frilled lizard.

Vanquished Creatures
  2 orc warlords
  Josephine (Lair:4)
  A minotaur (Lab)
  A death knight (D:12)
  The ghost of Turtleman12345 the Cleaver, a novice MiFi of the Shining One (D:8)
  4 two-headed ogres
  2 orc high priests
  Nergalle (D:11)
  An unseen horror (D:12)
  13 orc knights
  4 orc sorcerers
  3 ugly things
  2 manticores (D:11)
  2 centaur zombies (D:10)
  2 cyclopes
  A gargoyle (D:11)
  3 black mambas
  A kobold demonologist (D:12)
  6 spiny frogs
  8 komodo dragons
  5 trolls
  A minotaur zombie (Lab)
  Grinder (D:5)
  2 hornets
  15 blink frogs
  11 slime creatures
  3 hippogriffs
  Sigmund (D:2)
  A redback (Lab)
  18 yaks
  3 wraiths (Lair:4)
  2 shadows
  6 hungry ghosts (Lab)
  2 basilisks (Lair:2)
  Grum (D:9)
  11 wargs
  The ghost of kiryas the Cudgeler, an amateur GrBe of Trog (D:4)
  The ghost of Turtleman12345 the Ducker, an amateur DEBe of Trog (D:3)
  A soldier ant (D:10)
  An acid dragon (D:13)
  5 water moccasins
  6 porcupines
  2 ice beasts
  53 orc warriors
  A black bear (D:7)
  13 ogres
  2 eyes of draining (D:12)
  3 necrophages
  2 phantoms
  A sky beast (D:7)
  13 wolves
  8 centaurs
  5 crocodiles
  A big kobold (D:7)
  9 bullfrogs
  2 wyvern zombies
  9 scorpions
  3 killer bees (D:8)
  7 wights
  3 howler monkeys
  4 crimson imps
  A quasit (D:6)
  8 hounds
  18 orc priests
  Crazy Yiuf (D:5)
  3 jellies
  A bullfrog skeleton (D:11)
  2 centaur skeletons (D:4)
  7 iguanas
  34 orc wizards
  Natasha (twice) (D:4)
  14 worker ants
  Terence (D:2)
  Robin (D:2)
  4 adders
  4 gnolls
  2 shadow imps
  An ooze (D:3)
  6 worms
  7 leopard geckos
  120 orcs
  14 bats
  9 giant cockroaches
  15 goblins
  11 hobgoblins
  17 jackals
  4 quokkas
  A ball python (D:1)
  5 frilled lizards
  14 kobolds
  2 leopard gecko zombies
  A quokka skeleton (D:4)
  A quokka zombie (D:6)
  11 rats
  A bush (Lair:4)
  8 fungi
  5 plants
654 creatures vanquished.

Vanquished Creatures (others)
  An adder (D:11)
  An orc (Orc:1)
  2 fungi
  2 plants
6 creatures vanquished.

Grand Total: 660 creatures vanquished

Notes
Turn   | Place    | Note
-------+----------+-------------------------------------------
     0 | D:1      | QuCean the Minotaur Fighter began the quest for the Orb.
     0 | D:1      | Reached XP level 1. HP: 19/19 MP: 0/0
   182 | D:1      | Reached XP level 2. HP: 27/27 MP: 1/1
  1193 | D:2      | Reached XP level 3. HP: 30/33 MP: 2/2
  1224 | D:2      | Found a faded altar of an unknown god.
  1236 | D:2      | Became a worshipper of the Shining One
  1236 | D:2      | Reached * piety under the Shining One
  1259 | D:2      | Noticed Terence
  1265 | D:2      | Killed Terence
  1339 | D:2      | Reached skill level 3 in Axes
  1339 | D:2      | Reached skill level 1 in Dodging
  1339 | D:2      | Reached XP level 4. HP: 28/40 MP: 3/3
  1609 | D:2      | Noticed Sigmund
  1646 | D:2      | Killed Sigmund
  1646 | D:2      | Reached skill level 4 in Axes
  1646 | D:2      | Reached XP level 5. HP: 9/47 MP: 4/4
  2071 | D:2      | Noticed Robin
  2079 | D:2      | Killed Robin
  2079 | D:2      | Reached XP level 6. HP: 52/55 MP: 5/5
  2079 | D:2      | Reached skill level 5 in Armour
  2328 | D:2      | Found a bloodstained altar of Trog.
  2506 | D:2      | Reached ** piety under the Shining One
  2779 | D:3      | Reached skill level 5 in Axes
  3099 | D:3      | Found a sparkling altar of Nemelex Xobeh.
  3116 | D:3      | Reached skill level 5 in Fighting
  3128 | D:3      | HP: 2/56 [worm (7)]
  3640 | D:3      | Noticed Turtleman12345's ghost (amateur DEBe)
  3649 | D:3      | Killed Turtleman12345's ghost
  3886 | D:4      | Noticed kiryas's ghost (amateur GrBe)
  3888 | D:4      | Reached skill level 6 in Axes
  3888 | D:4      | Reached XP level 7. HP: 51/61 MP: 6/6
  3896 | D:4      | Killed kiryas's ghost
  3896 | D:4      | Reached skill level 5 in Shields
  4567 | D:4      | Reached skill level 7 in Axes
  4798 | D:4      | Noticed Natasha
  4804 | D:4      | Killed Natasha
  4962 | D:4      | Found a staircase to the Ecumenical Temple.
  5413 | D:4      | Noticed Natasha
  5419 | D:4      | Killed Natasha
  5458 | D:5      | Entered Level 5 of the Dungeon
  5477 | D:5      | Reached XP level 8. HP: 65/68 MP: 7/7
  5719 | D:5      | Found a shadowy altar of Dithmenos.
  5753 | D:5      | Reached skill level 8 in Axes
  6139 | D:5      | Noticed Grinder
  6144 | D:5      | Killed Grinder
  6352 | D:5      | Reached skill level 9 in Axes
  6390 | D:5      | Found a runed door.
  6394 | D:5      | Noticed Crazy Yiuf
  6398 | D:5      | Killed Crazy Yiuf
  6911 | D:6      | Reached XP level 9. HP: 78/78 MP: 8/8
  6934 | D:6      | Found a white marble altar of Elyvilon.
  6984 | D:6      | Reached *** piety under the Shining One
  6984 | D:6      | Reached skill level 1 in Stealth
  7663 | D:6      | Found an ancient bone altar of Kikubaaqudgha.
  7663 | D:6      | Found an iron altar of Okawaru.
  7852 | D:6      | Reached skill level 10 in Axes
  8666 | D:7      | Found a shadowy altar of Dithmenos.
  8714 | D:7      | Found a glowing golden altar of the Shining One.
  9125 | D:7      | Reached skill level 11 in Axes
  9218 | D:7      | Reached skill level 1 in Invocations
  9687 | D:8      | Reached XP level 10. HP: 85/87 MP: 9/9
  9806 | D:8      | Noticed Turtleman12345's ghost (novice MiFi)
  9835 | D:8      | Killed Turtleman12345's ghost
 10451 | D:8      | Found a staircase to the Lair.
 10823 | D:9      | Reached skill level 12 in Axes
 10963 | D:9      | Noticed Grum
 10976 | D:9      | Killed Grum
 11267 | D:9      | Noticed a two-headed ogre
 11276 | D:9      | Killed a two-headed ogre
 11282 | D:9      | Reached **** piety under the Shining One
 11842 | D:10     | Entered Level 10 of the Dungeon
 11850 | D:10     | Found Sysmam's Assorted Antiques.
 11905 | D:10     | Reached skill level 13 in Axes
 11905 | D:10     | Reached XP level 11. HP: 71/94 MP: 11/11
 12326 | D:10     | Reached skill level 10 in Armour
 12672 | D:10     | Got a vibrating glass ring
 12717 | D:10     | Identified the ring "Isum" {Fire *Corrode rElec rPois Slay-4} (You found it on level 10 of the Dungeon)
 12856 | D:10     | Noticed a two-headed ogre
 12864 | D:10     | Killed a two-headed ogre
 13137 | D:11     | Noticed a white ugly thing
 13144 | D:11     | Killed a white ugly thing
 13272 | D:11     | Noticed Nergalle
 13283 | D:11     | Killed Nergalle
 13397 | D:11     | Found a labyrinth entrance.
 13406 | D:11     | Reached skill level 14 in Axes
 13414 | Lab      | Entered a labyrinth
 14008 | Lab      | Noticed a minotaur
 14016 | Lab      | Killed a minotaur
 14061 | Lab      | Reached skill level 10 in Fighting
 14255 | Lab      | Got a scintillating lead ring
 14283 | Lab      | Identified the cursed ring of Giujif {rElec AC-3 Str+4} (You found it in a labyrinth)
 14445 | D:11     | Found a shadowy altar of Dithmenos.
 14873 | D:11     | Noticed a white ugly thing
 14887 | D:11     | Killed a white ugly thing
 15217 | D:11     | Reached skill level 10 in Shields
 15217 | D:11     | Reached XP level 12. HP: 96/105 MP: 12/12
 15777 | D:12     | Reached skill level 15 in Axes
 16076 | D:12     | Found a staircase to the Orcish Mines.
 16711 | D:10     | Got a translucent chain mail
 16722 | D:10     | Identified the +1 chain mail "Dayca" {rF+ Str+2} (You found it on level 10 of the Dungeon)
 17112 | Lair:1   | Entered Level 1 of the Lair of Beasts
 17253 | Lair:1   | Reached ***** piety under the Shining One
 18412 | Lair:2   | Found a staircase to the Shoals.
 19299 | Lair:3   | Reached skill level 16 in Axes
 20108 | Lair:3   | Reached XP level 13. HP: 115/115 MP: 13/13
 20902 | Lair:4   | Noticed Josephine
 20915 | Lair:4   | Killed Josephine
 21818 | Lair:4   | Found a hole to the Spider Nest.
 22554 | Lair:5   | Found a staircase to the Slime Pits.
 23679 | Orc:1    | Entered Level 1 of the Orcish Mines
 24939 | Orc:1    | Noticed an orc warlord
 24942 | Orc:1    | Noticed an orc warlord
 26072 | D:12     | Killed an orc warlord
 26629 | Orc:1    | Paralysed by an orc sorcerer for 6 turns
 27265 | Orc:2    | Entered Level 2 of the Orcish Mines
 27316 | Orc:2    | Reached skill level 17 in Axes
 27653 | Orc:2    | Reached XP level 14. HP: 129/129 MP: 15/15
 27670 | Orc:2    | Found Ysepnanu's Distillery.
 27718 | Orc:2    | Found Zimi's Distillery.
 27721 | Orc:2    | Bought a potion of berserk rage for 75 gold pieces
 27870 | Orc:2    | Found Meubbe Hytso's Antique Weapon Boutique.
 28238 | Orc:2    | Found Zuvusyop's Assorted Antiques.
 28313 | Orc:2    | Found a roughly hewn altar of Beogh.
 28572 | Orc:2    | Found Xiod's Weapon Shoppe.
 28578 | Orc:2    | Found Fusafruri's Jewellery Boutique.
 28583 | Orc:2    | Bought a +5 ring of protection for 880 gold pieces
 28584 | Orc:2    | Bought the ring of Koegorph {+Inv rN+ Str+2 SInv} for 478 gold pieces
 28691 | Orc:2    | Found a staircase to the Elven Halls.
 28693 | Orc:2    | Found Debaufemp's Book Shoppe.
 29027 | Orc:2    | Found Poohantysm's Magic Scroll Emporium.
 29027 | Orc:2    | Found Yrchanitt's Food Boutique.
 29391 | Orc:1    | Killed an orc warlord
 31088 | D:13     | Noticed Kirke
 31105 | D:13     | Found a shimmering altar of Xom.
 31109 | D:13     | Slain by a yak

Skill      XL: |  1  2  3  4  5  6  7  8  9 10 11 12 13 14 |
---------------+-------------------------------------------+-----
Armour         | 4 5 6 7 8 9 11 12 13 | 13.4
Shields        | 4 5 6 7 8 10 11 12 13 | 13.5
Fighting       | 4 5 6 7 8 10 11 13 | 13.7
Axes           | 3 4 6 7 9 11 13 14 16 17 | 17.3
Dodging        | 1 2 3 4 |  4.6
Stealth        | 1 2 |  2.2
Invocations    | 1 2 3 |  3.2

Action                   |  1- 3 |  4- 6 |  7- 9 | 10-12 | 13-15 || total
-------------------------+-------+-------+-------+-------+-------++-------
Melee: War axe           |    72 |    84 |   267 |   577 |   586 ||  1586
       Headbutt          |     6 |    10 |    51 |   140 |   116 ||   323
       Unarmed           |       |       |       |       |     5 ||     5
Invok: Divine Shield     |       |       |     4 |    11 |    15 ||    30
  Use: Scroll            |       |     4 |     9 |     6 |    10 ||    29
       Potion            |       |       |       |       |     1 ||     1
  Eat: Chunk             |     1 |     7 |    18 |    20 |     2 ||    48
       Royal jelly       |       |     1 |     4 |       |       ||     5
       Fruit             |       |       |     1 |       |       ||     1
       Bread ration      |       |       |       |     5 |     7 ||    12
Armor: Scale mail        |    37 |    45 |    49 |       |       ||   131
       Plate armour      |       |       |    69 |   133 |       ||   202
       Chain mail        |       |       |       |    46 |   112 ||   158
Dodge: Dodged            |    18 |    30 |    78 |   106 |   107 ||   339
Block: Shield            |    37 |    55 |   176 |   360 |   240 ||   868
       Reflection        |       |       |       |     2 |    14 ||    16
       Large shield      |       |       |       |       |   286 ||   286
       Other             |       |       |       |       |     1 ||     1
